 Dungeon Crawl Stone Soup version 0.25-a0-589-g1e14c549ee (webtiles) character file.

Game seed: 11488441755036304962, levelgen mode: deterministic

49 Amnesiac the Chopper (level 3, -4/34 HPs)
             Began as a Hill Orc Monk on Mar 13, 2020.
             Slain by Natasha (10 damage)
             ... on level 2 of the Dungeon.
             The game lasted 00:03:47 (1301 turns).

Amnesiac the Chopper (Hill Orc Monk)                Turns: 1301, Time: 00:03:48

Health: -4/34      AC:  3    Str: 14    XL:     3   Next: 75%
Magic:  3/3        EV: 13    Int: 12    God:
Gold:   81         SH:  0    Dex: 13    Spells: 2/2 levels left

rFire    . . .     SeeInvis .   a - +0 hand axe
rCold    . . .     Gourm    .   (no shield)
rNeg     . . .     Faith    .   b - +0 robe
rPois    .         Spirit   .   (no helmet)
rElec    .         Reflect  .   (no cloak)
rCorr    .         Harm     .   (no gloves)
MR       +....     Clarity  +   (no boots)
Stlth    ++........             (no amulet)
HPRegen  0.11/turn              (no ring)
MPRegen  0.08/turn              (no ring)

@: no status effects
A: clarity, clever 1, magic resistance 1, shaggy fur 1
a: no special abilities


You were on level 2 of the Dungeon.
You were not hungry.

You visited 1 branch of the dungeon, and saw 2 of its levels.

You collected 81 gold pieces.

Inventory:

Hand Weapons
 a - a +0 hand axe (weapon)
 n - a +0 hunting sling
Missiles
 l - 23 stones (quivered)
Armour
 b - a +0 robe (worn)
Jewellery
 o - an uncursed ring of flight
Scrolls
 e - 2 scrolls of identify {!r, unknown}
 g - a scroll of enchant armour {!r, unknown}
 h - a scroll of amnesia {!r, unknown}
 j - a scroll of magic mapping {!r, unknown}
 r - a scroll of enchant weapon {!r, unknown}
Potions
 k - a potion of brilliance {!q, unknown}
 m - a potion of haste {!q, unknown}
 p - a potion of might {!q, unknown}
Comestibles
 c - 3 rations
 d - 4 chunks of flesh


   Skills:
 + Level 4.3 Fighting
 * Level 5.5 Axes
 - Level 2.4 Dodging
 - Level 1.5 Stealth


You had 2 spell levels left.
You didn't know any spells.
Your spell library was empty.

Dungeon Overview and Level Annotations

Branches:
Dungeon (2/15)

Altars:

Annotations:
D:2 Natasha, Terence


Innate Abilities, Weirdness & Mutations

You possess an exceptional clarity of mind.
Your mind is acute. (Int +2)
You are resistant to hostile enchantments. (MR+)
You are covered in fur. (AC +1)


Message History

You miss Natasha.
Natasha mumbles some strange words.
Natasha wildly gestures.
Natasha's front paws start to glow.
Natasha barely misses you.
You hit Natasha.
Natasha is moderately wounded.
Natasha claws you.
Really quaff
i - a blue potion {!q}?
It was a potion of heal wounds {!q}.
You feel much better.
Natasha barely misses you. x2; The crimson imp blinks!
Some of the chunks of flesh in your inventory have rotted away.
You closely miss Natasha.
Natasha is lightly wounded.
Natasha claws you.
You closely miss Natasha.
Natasha is lightly wounded.
Natasha closely misses you. The crimson imp spits at you.
Natasha stares at you and mumbles some strange words.
The magic dart hits you.
You hit Natasha.
Natasha is moderately wounded.
Natasha barely misses you.
You hit Natasha but do no damage.
Natasha is moderately wounded.
Natasha barely misses you.
The crimson imp blinks!
Natasha barely misses you. The crimson imp closely misses you.
You hit Natasha.
Natasha is severely wounded.
You barely miss the crimson imp.
Natasha mumbles some strange words.
The crimson imp closely misses you.
You hit Natasha.
Natasha is almost dead.
You hit the crimson imp. Natasha claws you. The crimson imp misses you.
Natasha barely misses you. The crimson imp closely misses you.
You hit Natasha but do no damage.
Natasha is almost dead.
You hit the crimson imp.
You feel yourself speed up. Natasha claws you!
* * * LOW HITPOINT WARNING * * *
The crimson imp blinks!
You miss Natasha.
Natasha is almost dead.
Natasha casts a spell at you. The magic dart hits you!
* * * LOW HITPOINT WARNING * * *
Okay, then.
You completely miss Natasha.
Natasha is almost dead.
The crimson imp disappears in a puff of smoke!
Natasha misses you.
Unknown command.
Unknown command.
Unknown command.
Unknown command.
Unknown command.
Unknown command.
You hit Natasha but do no damage.
Natasha is almost dead.
Natasha claws you!
You die...

....#######(#.# #.#
....# #.#.# #.#
##### #.#.# #.#
#h#.# #.###########
#.#.# #..........<#
#.#.###############
#.#........#
#(########.#
#(..5h@..ยง.#
############


You could see Natasha and a shadow imp.

Vanquished Creatures
  2 oozes (D:1)
  A dart slug (D:2)
  2 leopard geckos (D:2)
  4 goblins
  2 hobgoblins (D:1)
  7 jackals
  A ball python (D:1)
  7 bats (D:1)
  A frilled lizard (D:1)
  3 kobolds (D:1)
  4 rats
34 creatures vanquished.

Notes
Turn   | Place    | Note
-------+----------+-------------------------------------------
     0 | D:1      | Amnesiac the Hill Orc Monk began the quest for the Orb.
     0 | D:1      | Reached XP level 1. HP: 19/19 MP: 1/1
    42 | D:1      | Reached XP level 2. HP: 15/27 MP: 2/2
   444 | D:1      | Reached skill level 5 in Axes
   444 | D:1      | Reached XP level 3. HP: 28/33 MP: 3/3
  1123 | D:2      | Noticed Natasha
  1129 | D:2      | Noticed Terence
  1287 | D:2      | Gained mutation: You possess an exceptional clarity of
                  | mind. [potion of mutation]
  1287 | D:2      | Gained mutation: You are covered in fur. (AC +1) [potion of
                  | mutation]
  1287 | D:2      | Gained mutation: Your mind is acute. (Int +2) [potion of
                  | mutation]
  1287 | D:2      | Gained mutation: You are resistant to hostile enchantments.
                  | (MR+) [potion of mutation]
  1301 | D:2      | Slain by Natasha

Levels and vault maps discovered:
D:1:      dpeg_arrival_short_road, layout_basic
D:2:      layout_basic, nemelex_xobeh_ov_fountains_minmay, uniq_natasha,
          uniq_terence, uniq_jessica

Skill      XL: |  1  2 |
---------------+-------+-----
Fighting       | 4 |  4.3
Axes           | 5 |  5.5
Dodging        | |  2.4
Stealth        | |  1.5

Action                   || total
-------------------------++-------
Melee: Hand axe          ||   118
 Fire: Hunting sling     ||    35
  Use: Potion            ||     2
 Stab: Sleeping          ||     3
  Eat: Chunk             ||     1
Armor: Robe              ||    27
Dodge: Dodged            ||   113

Table legend:
 A = Non-vault XP
 B = Vault XP
 C = Vault XP percentage of total XP
 D = Non-vault monster count
 E = Vault monster count
 F = Vault count percentage of total count
                 A         B        C        D         E       F
            +---------+---------+-------+---------+---------+-------
      Total |      70 |       0 |   0.0 |      34 |       0 |   0.0
            +---------+---------+-------+---------+---------+-------
        D:1 |      51 |       0 |   0.0 |      26 |       0 |   0.0
        D:2 |      19 |       0 |   0.0 |       8 |       0 |   0.0
            +---------+---------+-------+---------+---------+-------
